 Dungeon Crawl Stone Soup version 0.29.1-12-g30fa7ad0bf (webtiles) character file.

Game seed: 14210993851756903347

3 hannahiscool the Trooper (level 1, 0/20 HPs)
             Began as a Hill Orc Fighter on Jan 4, 2023.
             Slain by a kobold
             ... wielding a +2 dagger of venom
              (1 damage)
             ... on level 1 of the Dungeon.
             The game lasted 00:01:30 (98 turns).

hannahiscool the Trooper (Hill Orc Fighter)           Turns: 98, Time: 00:01:30

Health: 0/20       AC:  6    Str: 18    XL:     1   Next: 50%
Magic:  1/1        EV:  9    Int:  8    God:
Gold:   10         SH:  4    Dex: 10    Spells: 0/0 levels left

rFire   . . .      SeeInvis .   a - +0 trident
rCold   . . .      Faith    .   c - +0 buckler
rNeg    . . .      Spirit   .   b - +0 scale mail
rPois   .          Reflect  .   (no helmet)
rElec   .          Harm     .   (no cloak)
rCorr   .          Rampage  .   (no gloves)
Will    .....                   (no boots)
Stlth   ..........              (no amulet)
HPRegen 0.06/turn               (no ring)
MPRegen 0.07/turn               (no ring)

@: mighty, lethally poisoned (0 -> -8)
A: no striking features
a: no special abilities


You were on level 1 of the Dungeon.
You visited 1 branch of the dungeon, and saw 1 of its levels.

You collected 10 gold pieces.

Inventory:

Hand Weapons
 a - a +0 trident (weapon)
Armour
 b - a +0 scale mail (worn)
 c - a +0 buckler (worn)


   Skills:
 + Level 3.9 Fighting
 - Level 2.1 Polearms
 - Level 3.2 Armour
 - Level 3.2 Shields


You couldn't memorise any spells.
You didn't know any spells.
Your spell library contained the following spells:

 Spells                   Type           Power      Damage    Failure   Level
 Static Discharge         Conj/Air       0%         3-3/arc   95%         2
 Dispel Undead            Necr           0%         3d6       100%        4
 Sticky Flame             Conj/Fire      0%         2d3       100%        4


Dungeon Overview and Level Annotations

Branches:
Dungeon (1/15)

Altars:


Message History

You reach to attack!
You closely miss the frilled lizard.
A kobold comes into view. It is wielding a +0 whip.
You miss the frilled lizard.
The kobold shouts!
The frilled lizard bites you but does no damage.
You block the frilled lizard's attack. You block the kobold's attack.
You hit the kobold.
The kobold is heavily wounded.
The frilled lizard closely misses you. The kobold barely misses you.
You barely miss the kobold.
The kobold is heavily wounded.
The frilled lizard barely misses you. The kobold barely misses you.
You barely miss the kobold.
The kobold is heavily wounded.
The frilled lizard bites you.
A rat comes into view.
The kobold hits you but does no damage.
You closely miss the kobold.
The kobold is heavily wounded.
The frilled lizard closely misses you.
The kobold hits you with a +2 short sword of flaming.
The kobold burns you.
The kobold hits you with a +2 dagger of venom.
The frilled lizard barely misses you.
The kobold hits you but does no damage. x2
You are poisoned.
The kobold hits you with a +0 whip.
The frilled lizard attacks as you move away!
The frilled lizard closely misses you.
* * * LOW HITPOINT WARNING * * *
You feel very sick.
You feel very mighty all of a sudden.
* * * LOW HITPOINT WARNING * * *
You feel sick.
The kobold hits you with a +2 short sword of flaming.
* * * LOW HITPOINT WARNING * * *
The kobold burns you.
* * * LOW HITPOINT WARNING * * *
You block the frilled lizard's attack.
The kobold hits you with a +2 dagger of venom.
You die...

##...[..#############
##......†.♣ .......
###..)......♣ ..8....
#...........♣ ÷÷[....
#.#........♣♣ .÷.....
...#........♣ ..8....
...###........♣
....... ##.#
##.......♣ ..8.... #.
##..K@...♣♣ .÷..... #
#...lK....♣ ÷......
#....K....♣ ..8....
#..r.......♣ .......
#.........## #######
#...........
.?.#..........
#..>........##.
...#.###..###


You could see 3 kobolds, a frilled lizard and a rat.

Vanquished Creatures
  An endoplasm (D:1)
  A goblin (D:1)
  A ball python (D:1)
3 creatures vanquished.

Notes
Turn   | Place    | Note
-------+----------+-------------------------------------------
     0 | D:1      | hannahiscool the Hill Orc Fighter began the quest for the
                  | Orb.
     0 | D:1      | Reached XP level 1. HP: 19/19 MP: 1/1
    98 | D:1      | HP: 1/20 [kobold/+2 short sword of flaming (1)]
    98 | D:1      | Slain by a kobold

Illustrated notes

Levels and vault maps discovered:
D:1:      giann_forest_graveyard, layout_rooms, basic_ecumenical_altar,
          minmay_pentomino_w4

Action                   || total
-------------------------++-------
Melee: Trident           ||    16
  Use: Potion            ||     1
Armor: Scale mail        ||     5
Dodge: Dodged            ||    11
Block: Buckler           ||     3
